 Dungeon Crawl Stone Soup version 0.29.1-15-g9cfb28693d (webtiles) character file.

Game seed: 3072109993779783133

90 CatalinOSBI the Magician (level 4, 0/34 HPs)
             Began as a Djinni Venom Mage on Mar 31, 2023.
             Slain by an iguana (11 damage)
             ... on level 3 of the Dungeon.
             The game lasted 00:18:45 (3547 turns).

CatalinOSBI the Magician (Djinni Venom Mage)        Turns: 3547, Time: 00:18:45

Health: 0/34       AC:  2    Str:  7    XL:     4   Next: 85%
Gold:   217        EV: 12    Int: 18    God:
                   SH:  0    Dex: 14

rFire   + + +      SeeInvis .   o - +0 short sword
rCold   x x .      Faith    .   (no shield)
rNeg    . . .      Spirit   .   a - +0 robe
rPois   ∞          Reflect  .   (no helmet)
rElec   .          Harm     .   (no cloak)
rCorr   .          Rampage  .   (no gloves)
Will    .....                   (boots unavailable)
Stlth   ++........              (no amulet)
HPRegen 0.11/turn               b - ring of fire
MPRegen 0.00/turn               m - ring of wizardry

@: flying
A: sickness immunity, fire resistance 2, cold vulnerability 1, float, innate
caster, HP casting, extra vitality 1
a: no special abilities


You were on level 3 of the Dungeon.
You visited 1 branch of the dungeon, and saw 4 of its levels.

You collected 217 gold pieces.

Inventory:

Hand Weapons
 g - a +0 dagger
 o - a +0 short sword (weapon)
Armour
 a - a +0 robe (worn)
Jewellery
 b - a ring of fire (left hand)
 d - a ring of flight
 m - a ring of wizardry (right hand)
Scrolls
 e - 2 scrolls of amnesia {unknown}
 h - 4 scrolls of identify {unknown}
 j - a scroll of magic mapping {unknown}
 k - 2 scrolls of immolation {unknown}
 n - 2 scrolls of enchant armour {unknown}
 q - a scroll of fog {unknown}
 r - a scroll of blinking {unknown}
Potions
 c - a potion of lignification {unknown}
 f - a potion of flight {unknown}
 i - a potion of curing {unknown}
 l - 2 potions of might {unknown}
 p - a potion of degeneration {unknown}
 s - a potion of ambrosia {unknown}


   Skills:
 + Level 2.6 Fighting
 - Level 2.1 Dodging
 - Level 1.5 Stealth
 - Level 3.3 Spellcasting


You couldn't memorise any spells.
You knew the following spells:

 Your Spells              Type           Power      Damage    Failure   Level
a - Sting                 Tmut/Pois      60%        1d6       1%          1
b - Poisonous Vapours     Pois/Air       30%        N/A       2%          2
c - Mephitic Cloud        Conj/Pois/Air  15%        N/A       4%          3
d - Olgreb's Toxic Radia  Pois           15%        N/A       16%         4
e - Magic Dart            Conj           60%        1d6       1%          1
Your spell library was empty.

Dungeon Overview and Level Annotations

Branches:
Dungeon (4/15)
 Temple: D:4-7

Altars:
Uskayaw
Zin

Shops:
D:2 [   D:3 *[


Innate Abilities, Weirdness & Mutations

You are immune to sickness and miasma.
You are immune to poison.
Your flesh is very heat resistant. (rF++)
You are vulnerable to cold. (rC-)
You float through the air rather than walking.
You learn spells naturally, not from books.
Your magical power is your life essence.
You have superior vitality. (+4 MHP)


Message History

Aim: a hobgoblin (asleep) Poisonous vapours surround the hobgoblin!
The hobgoblin is poisoned.
The hobgoblin shouts!
The hobgoblin attacks as you move away! The hobgoblin hits you.
The hobgoblin attacks as you move away! The hobgoblin closely misses you.
The hobgoblin attacks as you move away! The hobgoblin misses you.
You kill the hobgoblin!
Unknown command.
You start resting.
HP restored.
You now have 217 gold pieces (gained 9).
Done exploring.
Done exploring.
Done exploring.
Done exploring.
Done exploring.
Done exploring.
(D) Dungeon
Where to? (Enter - D:3, ? - help)
There is a stone staircase leading down here.
You fly downwards.
Found an escape hatch in the floor.
There is a stone staircase leading up here.
An iguana is nearby!
Aiming: Poisonous Vapours (safe; 2% risk of failure)
Press: ? - help, Q - select action, (/) - cycle Dir - move target, f - iguana
Aim: an iguana (asleep) Poisonous vapours surround the iguana!
The iguana is poisoned.
The iguana hisses angrily.
The iguana closely misses you.
You closely miss the iguana. Your punch misses the iguana.
The iguana bites you!
You can't go down here!
The iguana bites you!
* * * LOW HITPOINT WARNING * * *
You fly upwards.
There is a stone staircase leading down here.
The iguana attacks as you move away! The iguana bites you!
You die...

.## ##...# #.# ####
##
###.###########.#####
#
#.....#...........##
#
#####..............##
# #...............# #
#...............# #
#...............# #
#.......∩.......# #
#....@..........#
#.....l....<....#
##.............##
##.....#.....##
#############


You could see an iguana (poisoned).

Vanquished Creatures
  3 adders
  A worm (D:2)
  A dart slug (D:2)
  3 ball pythons
  4 endoplasms
  7 giant cockroaches (D:1)
  2 goblins
  7 hobgoblins
  5 jackals (D:2)
  5 kobolds
  2 quokkas (D:2)
  3 bats
  2 frilled lizards
  4 rats
49 creatures vanquished.

Notes
Turn   | Place    | Note
-------+----------+-------------------------------------------
     0 | D:1      | CatalinOSBI the Djinni Venom Mage began the quest for the
                  | Orb.
     0 | D:1      | CatalinOSBI set off with the following spells memorised:
                  | Sting, Poisonous Vapours, Mephitic Cloud, Olgreb's Toxic
                  | Radiance.
     0 | D:1      | Reached XP level 1. HP: 15/15 MP: 0/0
   203 | D:1      | Reached skill level 1 in Fighting
   203 | D:1      | Reached XP level 2. HP: 19/22 MP: 0/0
   502 | D:1      | Reached XP level 3. HP: 16/27 MP: 0/0
   502 | D:1      | Learned a level 1 spell: Magic Dart
  1286 | D:2      | Reached skill level 3 in Spellcasting
  1879 | D:2      | Reached XP level 4. HP: 22/32 MP: 0/0
  1980 | D:2      | Found a hide-covered altar of Uskayaw.
  2530 | D:2      | Found Moez Ifro's Armour Shoppe.
  3068 | D:3      | Found Zin's Purification Station.
  3070 | D:3      | Found a glowing silver altar of Zin.
  3300 | D:3      | Found Woular's Antique Armour Emporium.
  3547 | D:3      | Slain by an iguana

Illustrated notes

Levels and vault maps discovered:
D:1:      lightli_arrival_lavapool, layout_basic, hex_tiny,
          minmay_worlds_worst_comb
D:2:      layout_loops_cross, basic_altar, serial_shops, shop,
          minmay_misc_feat_square
D:3:      layout_rooms, zin_purify, serial_shops, shop
D:4:      kb_forest_paths, layout_basic, mainiacjoe_overflow_catch_the_wave

Skill      XL: |  1  2  3  4 |
---------------+-------------+-----
Fighting       | 1 2 |  2.6
Spellcasting   | 3 |  3.3
Dodging        | |  2.1
Stealth        | |  1.5

Action                   |  1- 3 |  4- 6 || total
-------------------------+-------+-------++-------
Melee: Dagger            |    24 |    13 ||    37
       Punch             |     1 |       ||     1
       Short sword       |       |     2 ||     2
 Cast: Sting             |    31 |    10 ||    41
       Magic Dart        |    24 |    10 ||    34
       Poisonous Vapours |     3 |    33 ||    36
Armor: Robe              |     8 |     6 ||    14
Dodge: Dodged            |    35 |    23 ||    58
